Map: Paisaje nocturno EE

Players

Madmanjake - Winner!

  • Race: Protoss Protoss
  • League: Gold
  • Spawn Location: 7:00

TooTuff - Winner!

  • Race: Zerg Zerg
  • League: Silver
  • Spawn Location: 7:00

TATORREA

  • Race: Protoss Protoss
  • League: Gold
  • Spawn Location: 1:00

MrFercho

  • Race: Zerg Zerg
  • League: Silver
  • Spawn Location: 1:00

VOD

Have the link to the VOD?

Description

Time

  • Played on: July 8, 2020, 9:55 p.m.
  • Length: 15:02
Show
View Real Time Build Order
Export as new Build Order

Madmanjake Protoss - Winner!

Build Orders: Chargelot Immortal 

Get SALT Encoding   

  12  0:01  Probe  
  13  0:13  Probe  
  14  0:26  Pylon  
  15  0:28  Probe  
  15  0:44  Probe  
  15  0:47  Gateway  
  16  0:52  Assimilator  
  16  0:57  Probe  
  17  1:09  Probe  
  18  1:12  Pylon  
  18  1:21  Probe  
  19  1:34  Probe  
  19  1:35  Zealot  
  22  1:40  Assimilator  
  22  1:46  Probe  
  23  1:52  Cybernetics Core  
  23  1:58  Forge, Probe  
  24  2:09  Zealot  
  24  2:10  Probe  
  27  2:33  Nexus  
  27  2:36  Pylon  
  27  2:45  Protoss Ground Weapons Level 1  
  27  2:47  Warp Gate  
  27  2:48  Twilight Council  
  27  2:50  Zealot  
  29  3:01  Pylon  
  29  3:13  Robotics Facility  
  29  3:27  Photon Cannon  
  29  3:33  Charge  
  29  3:38  Gateway  
  29  3:44  Probe  
  29  3:45  Probe  
  31  3:53  Probe x2  
  31  4:02  Probe x2  
  33  4:09  Observer  
  36  4:10  Probe  
  36  4:11  Probe  
  38  4:18  Probe  
  38  4:19  Probe  
  40  4:25  Gateway  
  40  4:28  Probe  
  40  4:29  Probe  
  41  4:37  Photon Cannon  
  42  4:40  Photon Cannon  
  42  4:48  Pylon  
  42  4:50  Probe x2  
  42  4:51  Pylon  
  44  5:02  Probe x2  
  44  5:04  Zealot x2  
  50  5:09  Photon Cannon  
  50  5:15  Photon Cannon  
  50  5:21  Warp Prism  
  52  5:30  Assimilator  
  52  5:33  Protoss Ground Armor Level 1  
  52  5:35  Assimilator  
  52  5:36  Blink  
  52  5:45  Probe x2  
  54  5:57  Probe x2  
  56  6:07  Pylon  
  56  6:09  Pylon, Probe x2  
  58  6:15  Robotics Facility, Immortal  
  62  6:31  Zealot  
  62  6:32  Zealot x2  
  62  7:01  Zealot  
  62  7:02  Zealot x2  
  64  7:12  Zealot x2  
  60  7:27  Pylon  
  60  7:29  Pylon  
  60  7:31  Immortal  
  60  7:32  Immortal  
  68  7:44  Robotics Bay  
  68  7:57  Gateway  
  68  8:02  Gateway  
  68  8:04  Gateway  
  68  8:05  Gateway  
  68  8:14  Immortal x2  
  76  8:24  Nexus  
  76  8:28  Pylon  
  76  8:30  Pylon  
  76  8:35  Pylon  
  76  8:39  Pylon  
  76  8:40  Extended Thermal Lance  
  76  8:58  Photon Cannon  
  76  9:03  Photon Cannon  
  76  9:07  Photon Cannon  
  76  9:08  Zealot x3  
  76  9:09  Zealot  
  84  9:10  Zealot x2  
  84  9:11  Zealot  
  84  9:12  Photon Cannon  
  90  9:23  Assimilator x2  
  90  9:30  Protoss Ground Weapons Level 2  
  90  9:39  Pylon  
  90  9:42  Pylon  
  90  9:43  Colossus  
  90  9:45  Pylon  
  96  10:01  Probe  
  96  10:02  Probe x2  
  98  10:13  Probe  
  99  10:14  Probe x2  
  101  10:25  Probe  
  101  10:26  Colossus, Probe x2  
  110  10:30  Robotics Facility  
  110  10:35  Zealot x4  
  114  10:36  Zealot x3  
  114  10:38  Probe  
  125  10:52  Dark Shrine  
  125  10:54  Templar Archives  
  125  10:55  Pylon  
  125  11:01  Pylon  
  125  11:04  Zealot x2  
  125  11:05  Zealot x4  
  125  11:07  Zealot  
  139  11:14  Probe  
  140  11:29  Disruptor x3  
  147  11:54  Nexus  
  147  12:03  Protoss Ground Armor Level 2  
  147  12:08  Zealot x5  
  143  12:09  Zealot x2  
  129  12:49  Colossus x3  
  147  12:51  Zealot  
  147  12:52  Zealot x4  
  147  12:53  Zealot x2  
  161  13:06  Assimilator  
  161  13:10  Assimilator  
  161  13:14  Probe x4  
  165  13:26  Probe  
  165  13:27  Probe x3  
  169  13:35  Pylon  
  169  13:37  Pylon  
  169  13:38  Probe  
  170  13:58  Probe x2  
  170  13:59  Probe x2  
  156  14:10  Probe  
  148  14:32  Dark Templar x5  
Show
View Real Time Build Order
Export as new Build Order

TooTuff Zerg - Winner!

Build Orders: Hatch First 

Get SALT Encoding   

  12  0:01  Drone  
  13  0:08  Drone  
  14  0:16  Overlord  
  14  0:44  Hatchery  
  14  0:45  Drone  
  14  0:54  Extractor  
  13  0:59  Drone  
  14  1:08  Spawning Pool  
  13  1:11  Drone  
  13  1:18  Drone  
  15  1:19  Drone  
  15  1:25  Drone  
  17  1:37  Drone  
  18  1:55  Queen  
  18  1:56  Queen  
  18  1:58  Drone  
  23  2:03  Metabolic Boost  
  23  2:12  Drone  
  24  2:20  Drone x3  
  27  2:24  Extractor  
  27  2:26  Drone x2  
  28  2:50  Overlord x2  
  28  2:51  Overlord  
  28  3:25  Drone x2  
  28  3:26  Drone  
  31  3:28  Lair  
  31  3:33  Roach Warren  
  30  3:38  Drone  
  31  3:44  Drone x2  
  33  3:49  Drone  
  34  4:02  Overlord  
  34  4:03  Overlord  
  34  4:15  Roach x4  
  34  4:16  Roach x2  
  46  4:25  Drone x4  
  46  4:30  Overseer  
  50  4:37  Glial Reconstitution  
  50  4:44  Roach x4  
  58  4:53  Drone  
  58  4:54  Drone x3  
  58  4:57  Overlord x3  
  62  5:03  Extractor, Roach  
  63  5:13  Zergling x8  
  63  5:14  Zergling x2  
  68  5:19  Ravager x5  
  73  5:39  Roach x6  
  73  5:40  Overlord  
  73  5:42  Drone x2  
  87  5:43  Drone  
  88  5:54  Drone  
  88  5:56  Evolution Chamber  
  88  6:12  Extractor, Drone x3  
  88  6:13  Overlord x2  
  90  6:27  Hatchery  
  90  6:29  Hydralisk Den  
  82  6:36  Roach x7  
  82  7:05  Queen, Drone x2  
  86  7:17  Overseer  
  86  7:30  Hydralisk x3  
  86  7:31  Hydralisk x3  
  86  7:36  Hatchery  
  97  7:49  Hydralisk x2  
  101  8:28  Grooved Spines  
  101  8:29  Zerg Missile Weapons Level 1  
  101  8:30  Hydralisk x3  
  101  8:31  Overlord x2  
  101  8:32  Overlord x4  
  107  8:55  Hydralisk x2  
  107  8:56  Hydralisk x3  
  117  9:03  Drone  
  117  9:04  Queen  
  120  9:13  Hydralisk x3  
  120  9:14  Hydralisk x4  
  134  9:18  Pneumatized Carapace  
  132  9:41  Zergling x8  
  132  9:42  Zergling x8  
  138  10:08  Zergling x6  
  138  10:09  Zergling x6, Hydralisk x2  
  148  10:19  Drone  
  149  10:30  Evolution Chamber, Infestation Pit  
  149  10:31  Muscular Augments  
  149  10:33  Drone x2  
  149  10:51  Overlord x5  
  149  10:56  Zerg Missile Weapons Level 2  
  149  11:00  Zerg Melee Weapons Level 1  
  149  11:07  Hive  
  149  11:09  Drone x3  
  152  11:22  Hydralisk x6  
  152  11:23  Hydralisk x7  
  150  12:28  Hydralisk  
  150  12:29  Hydralisk x7  
  130  12:30  Hydralisk x6  
  113  12:56  Zergling x4  
  113  12:57  Zergling x8  
  119  12:58  Overlord x2  
  119  13:00  Queen  
  121  13:18  Extractor  
  121  13:19  Extractor  
  119  13:23  Zergling x4  
  119  13:24  Zergling x8  
  125  13:28  Hydralisk  
  125  13:30  Hatchery  
  126  13:47  Drone  
  126  13:48  Drone x3  
  98  14:14  Zergling x2  
  98  14:15  Zergling x14  
  98  14:16  Zergling x4, Hydralisk x2  
Show
View Real Time Build Order
Export as new Build Order

TATORREA Protoss 

Build Orders:  

Get SALT Encoding   

  12  0:03  Probe  
  13  0:15  Probe  
  13  0:20  Pylon  
  14  0:28  Probe  
  15  0:40  Probe  
  15  0:42  Gateway  
  16  0:51  Assimilator  
  16  0:52  Probe  
  18  1:04  Probe  
  18  1:07  Pylon  
  18  1:16  Probe  
  19  1:21  Assimilator  
  19  1:26  Pylon  
  19  1:28  Probe  
  20  1:35  Cybernetics Core  
  20  1:43  Gateway, Probe  
  21  1:55  Probe  
  21  2:00  Gateway  
  22  2:07  Gateway  
  22  2:08  Probe  
  22  2:13  Warp Gate  
  23  2:21  Stalker  
  25  2:37  Stalker  
  27  2:51  Stalker  
  29  2:54  Sentry  
  29  2:55  Stalker  
  33  3:05  Pylon  
  33  3:10  Stalker  
  36  3:34  Twilight Council  
  35  3:52  Probe  
  35  3:53  Nexus  
  35  3:55  Pylon  
  36  4:06  Stalker  
  36  4:07  Stalker  
  40  4:12  Sentry  
  40  4:14  Sentry  
  40  4:17  Probe  
  45  4:29  Probe  
  46  4:36  Robotics Facility  
  46  4:37  Probe  
  46  4:44  Blink  
  46  4:45  Probe  
  47  4:46  Stalker  
  50  4:55  Probe  
  51  5:06  Probe  
  52  5:10  Probe  
  53  5:17  Stalker  
  53  5:19  Zealot  
  57  5:24  Probe  
  57  5:25  Probe  
  59  5:32  Observer  
  60  5:39  Stalker  
  60  5:41  Zealot  
  64  5:43  Probe  
  64  5:45  Probe  
  66  5:54  Immortal  
  70  6:06  Assimilator  
  70  6:10  Assimilator  
  70  6:13  Pylon  
  70  6:17  Pylon  
  70  6:21  Pylon  
  70  6:26  Pylon  
  70  6:31  Probe x2  
  43  7:01  Stalker x3  
  43  7:02  Stalker  
  49  7:15  Immortal  
  53  7:21  Probe x2  
  55  7:31  Stalker  
  55  7:32  Stalker x3  
  55  7:33  Probe x2  
  55  7:36  Charge  
  65  8:04  Probe x2  
  67  8:09  Stalker  
  67  8:10  Nexus  
  69  8:13  Pylon  
  69  8:15  Pylon  
  69  8:24  Gateway  
  69  8:25  Forge x2  
  69  8:26  Gateway  
  69  8:27  Forge  
  69  8:28  Gateway  
  69  8:31  Gateway  
  69  8:33  Probe  
  69  8:34  Probe  
  71  8:38  Stalker  
  71  8:39  Stalker  
  75  8:52  Stalker x2  
  79  8:59  Protoss Ground Armor Level 1, Protoss Ground Weapons Level 1  
  79  9:05  Protoss Shields Level 1  
  79  9:06  Templar Archives  
  79  9:13  Stalker x2  
  83  9:31  Assimilator  
  79  9:32  Assimilator  
  79  9:40  Stalker x2  
  79  9:42  Stalker  
  85  9:49  Stalker  
  85  9:50  Stalker  
  85  9:51  Stalker  
  91  10:08  Stalker  
  91  10:09  Stalker x3  
  91  10:10  Stalker  
  101  10:16  Probe x2  
  101  10:17  Probe  
  104  10:27  High Templar  
  104  10:28  Probe x2, High Templar  
  108  10:29  Probe  
  108  10:30  High Templar  
  113  10:39  High Templar  
  113  10:41  Archon  
  115  10:43  Archon  
  115  10:45  Probe x3  
  118  10:50  Zealot x3  
  118  10:54  High Templar, Protoss Ground Weapons Level 2  
  127  10:57  Probe x3  
  127  10:59  Protoss Ground Armor Level 2  
  127  11:00  High Templar  
  131  11:04  Archon  
  131  11:19  Protoss Shields Level 2  
  131  11:47  Stalker  
  133  12:01  Nexus  
  133  12:04  Pylon  
  133  12:05  Pylon  
  83  12:42  Stalker  
  83  12:43  Stalker x4  
  83  12:44  Stalker x3  
  47  12:50  Probe x2  
  53  13:02  Probe x2  
  55  13:09  Gateway  
  55  13:10  Gateway  
  55  13:13  Gateway  
  55  13:14  Probe x2  
  55  13:16  Gateway  
  55  13:18  Gateway, Zealot x2  
  55  13:19  Zealot x3  
  67  13:20  Zealot  
  67  13:21  Gateway  
  67  13:26  Probe x2  
  71  13:38  Probe  
  71  13:39  Stalker x2  
  71  13:40  Stalker  
  78  14:00  Nexus  
  50  14:20  Stalker x2  
  50  14:21  Stalker x4  
  56  14:36  Stalker x2  
  56  14:37  Stalker  
Show
View Real Time Build Order
Export as new Build Order

MrFercho Zerg 

Build Orders: Hatch First 

Get SALT Encoding   

  12  0:01  Drone  
  13  0:16  Overlord  
  13  0:18  Drone  
  14  0:34  Drone  
  14  0:35  Drone  
  16  0:58  Drone x2  
  16  1:00  Drone  
  16  1:01  Hatchery  
  18  1:05  Extractor  
  18  1:11  Drone  
  18  1:21  Spawning Pool  
  18  1:24  Drone  
  18  1:32  Drone  
  19  1:45  Drone  
  20  1:54  Drone  
  21  2:04  Overlord  
  21  2:09  Metabolic Boost  
  21  2:17  Drone  
  21  2:18  Drone  
  23  2:24  Overlord  
  23  2:26  Queen x2  
  23  2:27  Drone  
  28  2:35  Drone  
  29  2:38  Drone  
  30  2:48  Drone x2  
  32  2:56  Drone  
  32  2:58  Roach Warren, Drone  
  33  3:13  Overlord x2  
  33  3:23  Overlord x2  
  33  3:42  Roach x2  
  33  3:43  Roach x4  
  45  3:50  Hatchery  
  44  3:56  Drone x2  
  46  4:03  Roach  
  46  4:04  Roach x3  
  46  4:09  Drone  
  55  4:19  Zergling x2  
  55  4:21  Drone  
  57  4:25  Drone x3  
  60  4:32  Drone x4  
  60  4:36  Drone  
  65  4:39  Drone  
  66  4:47  Drone  
  66  4:50  Drone  
  68  4:53  Overlord x2  
  68  4:54  Overlord  
  68  5:05  Zergling x6  
  71  5:11  Queen  
  73  5:18  Zergling x4  
  73  5:19  Zergling x12  
  81  5:26  Drone  
  82  5:33  Drone  
  82  5:34  Drone  
  82  5:35  Drone  
  85  5:40  Zergling x2  
  86  5:43  Zergling x2  
  86  5:44  Drone  
  86  5:45  Drone  
  86  5:46  Drone  
  86  5:47  Drone  
  86  5:48  Overlord  
  86  5:49  Overlord  
  91  6:20  Zergling x16  
  91  6:21  Zergling x6  
  98  6:36  Zergling x6  
  100  6:43  Zergling x6  
  88  6:59  Zergling x6  
  75  7:10  Zergling x6  
  69  7:18  Zergling x12  
  69  7:31  Roach x7  
  80  7:53  Extractor  
  79  7:58  Baneling Nest  
  79  8:04  Extractor  
  77  8:05  Extractor  
  77  8:11  Extractor  
  75  8:14  Extractor  
  75  8:15  Drone x3  
  75  8:19  Drone x3  
  78  8:21  Drone x2  
  78  8:22  Drone  
  75  8:30  Drone  
  75  8:31  Drone x2  
  75  8:33  Drone x3  
  81  8:35  Zergling x16  
  89  8:49  Drone x2  
  91  8:57  Evolution Chamber  
  91  8:58  Evolution Chamber  
  89  9:06  Hatchery  
  89  9:07  Hatchery  
  81  9:10  Hatchery  
  81  9:12  Baneling x16  
  81  9:15  Lair  
  80  9:18  Roach  
  80  9:19  Roach x7  
  80  9:23  Zergling x2  
  97  9:26  Zergling x4  
  99  9:39  Zergling x2  
  99  9:40  Zergling x12  
  106  9:46  Baneling x7  
  106  9:47  Baneling x11  
  106  10:12  Glial Reconstitution  
  106  10:13  Centrifical Hooks  
  106  10:19  Overlord x6  
  106  10:20  Overlord x6  
  106  10:21  Overlord x5  
  106  10:31  Hydralisk Den  
  105  10:42  Zergling x22  
  116  10:48  Zerg Melee Weapons Level 1, Zerg Ground Armor Level 1  
  116  11:01  Hydralisk x12  
  140  11:07  Muscular Augments  
  140  11:20  Hydralisk x3  
  140  11:24  Zergling x26  
  159  11:42  Pneumatized Carapace  
  159  11:44  Burrow  
  151  12:18  Grooved Spines  
  95  12:32  Zergling x40  
  95  12:33  Zergling x10  
  87  13:03  Baneling  
  87  13:04  Baneling x10  
  87  13:05  Baneling x2  
  87  13:06  Baneling, Hydralisk  
  87  13:07  Hydralisk x17  
  123  13:32  Hatchery  
  122  13:46  Lurker Den  
  122  13:47  Infestation Pit  
  120  14:01  Hatchery  
  107  14:09  Zergling x28  
  86  14:10  Zergling x44  
Tags
 
Add a new tag
Caveats
  • Supply blocks, unpowered buildings, or Contaminate may cause inaccurate times.
  • Supply counts are checked every 10 seconds.